 Dungeon Crawl Stone Soup version 0.31.0-9-g3a7656b989 (webtiles) character file.

Game seed: 8923811705317339804

109 qw the Ducker (level 4, 0/22 HPs)
             Began as a Spriggan Hunter on Feb 2, 2024.
             Slain by an orc priest
             ... wielding a +0 hand axe
              (3 damage)
             ... on level 2 of the Dungeon.
             The game lasted 00:00:05 (1279 turns).

qw the Ducker (Spriggan Hunter)                     Turns: 1279, Time: 00:00:05

Health: 0/22       AC:  2    Str:  7    XL:     4   Next: 59%
Magic:  5/5        EV: 20    Int: 10    God:
Gold:   102        SH:  0    Dex: 20    Spells: 3/3 levels left

rFire   . . .        a - +1 shortbow
rCold   + . .        (shield currently unavailable)
rNeg    . . .        c - +0 robe
rPois   .            (helmet restricted)
rElec   .            (no cloak)
rCorr   .            (gloves unavailable)
SInv    +            (boots unavailable)
Will    .....        (no amulet)
Stlth   ++           f - ring of protection from cold
HPRegen 0.23/turn    (no ring)
MPRegen 0.09/turn

%: no passive effects
@: very quick
A: very small, no large weapons, unfitting armour, see invisible, speed 3
a: no special abilities


You were on level 2 of the Dungeon.
You visited 1 branch of the dungeon, and saw 2 of its levels.

You collected 102 gold pieces.


Innate Abilities, Weirdness & Mutations

You are very small and have problems with some larger weapons.
You are too small for most types of armour.
You have supernaturally acute eyesight. (SInv)
You cover ground extremely quickly. (Speed+++)


   Skills:
 + Level 1.5 Fighting
 - Level 5.0 Ranged Weapons
 - Level 5.1 Dodging
 - Level 1.5 Stealth


You had 3 spell levels left.
You didn't know any spells.
Your spell library was empty.

Inventory:

Hand Weapons
 a - a +1 shortbow (weapon)
Armour
 c - a +0 robe (worn)
Jewellery
 f - a ring of protection from cold (left hand)
 g - a +4 ring of protection
Scrolls
 b - a scroll of identify
 d - 2 scrolls of amnesia {unknown}
 h - a scroll of revelation {unknown}
 i - 2 scrolls of teleportation {unknown}
Potions
 e - a potion of resistance
 j - a potion of lignification {unknown}
 k - a potion of enlightenment {unknown}

Dungeon Overview and Level Annotations

Branches:
Dungeon (2/15)

Altars:


Message History

The adder is almost dead.
The adder misses you. The adder barely misses you.
You shoot an arrow. The arrow hits the adder!
You kill the adder!
You have reached level 4!
You shoot an arrow. The arrow hits the orc!
You kill the orc!
You shoot an arrow. The arrow hits the orc.
The orc is moderately wounded.
The orc misses you.
You shoot an arrow. The arrow hits the orc.
You kill the orc!
The orc misses you.
You shoot an arrow. The arrow completely misses the orc.
The arrow hits the orc priest!
The orc priest is heavily wounded.
The orc completely misses you.
You shoot an arrow. The arrow hits the orc!
You kill the orc!
The orc priest calls down the wrath of Beogh upon you.
Beogh smites you!
Ouch! That really hurt!
You shoot an arrow. The arrow barely misses the orc priest.
The orc priest hits you but does no damage.
You shoot an arrow. The arrow hits the orc priest.
The orc priest is severely wounded.
The orc priest barely misses you.
The orc priest looks satisfied for a moment.
You shoot an arrow. The arrow hits the orc priest.
The orc priest is almost dead.
The orc priest misses you.
The orc priest calls upon Beogh to heal the orc priest.
The orc priest is healed somewhat.
You shoot an arrow. The arrow hits the orc priest!
You kill the orc priest!
Your Dodging skill increases to level 5!
You shoot an arrow. The arrow barely misses the orc priest.
The orc priest hits you with a +0 hand axe!
The orc priest hits you with a +0 hand axe.
You die...

#..........................
#........#.#..#.##..####...
####..........#.###...##.##
#.###.#.#.##.# ###.##.# #.#
###......# ##.##.##
#.#####.#.#######.......
#......|..# #...#...##
##'####....# #.#.##..#
..... ##@#.# ##+#'##..#
......##o#.## #.....#..##
..o..o......###.....#....
..oo...%.....%...........
..o....###..###.....##.##
....... #..# #.....##.##
##.###. #..# #..>..'.... #
#. #..# #.....####. #. #..#
#.....# #.


You could see an orc priest.

Vanquished Creatures
  An orc priest (D:2)
  4 adders (D:2)
  3 orcs (D:2)
  4 ball pythons
  3 endoplasms
  A giant cockroach (D:2)
  2 goblins (D:1)
  3 hobgoblins
  4 quokkas
  4 bats
  4 frilled lizards (D:1)
  4 kobolds (D:1)
  2 rats (D:1)
39 creatures vanquished.

Notes
Turn   | Place    | Note
-------+----------+-------------------------------------------
     0 | D:1      | qw the Spriggan Hunter began the quest for the Orb.
     0 | D:1      | Reached XP level 1. HP: 10/10 MP: 2/2
     0 | D:1      | 0 ||| qw: Version: 0.3-a-155-g5e7d8dd
     0 | D:1      | 0 ||| qw: Game counter: 2082
     0 | D:1      | 0 ||| qw: Melee chars always use a shield: true
     0 | D:1      | 0 ||| qw: God list: Okawaru
     0 | D:1      | 0 ||| qw: Allow faded altars: false
     0 | D:1      | 0 ||| qw: Do Orc after clearing Dungeon:15 true
     0 | D:1      | 0 ||| qw: Do second Lair branch before Depths: true
     0 | D:1      | 0 ||| qw: Lair rune preference: random
     0 | D:1      | 0 ||| qw: Goals: Normal
     0 | D:1      | 0 ||| PLANNING D:1-11
    59 | D:1      | Reached skill level 3 in Dodging
   160 | D:1      | Reached XP level 2. HP: 14/14 MP: 3/3
   600 | D:1      | 600 ||| UPGRADING to ring of protection from cold.
   601 | D:1      | 601 ||| READING 2 scrolls labelled PAZYUCL ESIMY.
   601 | D:1      | 601 ||| IDENTIFYING bubbling green potion
   602 | D:1      | 602 ||| READING scroll of identify.
   602 | D:1      | 602 ||| IDENTIFYING scroll labelled SEIMAT VANU
   603 | D:1      | 603 ||| READING scroll labelled TOTINN KUUJOA.
   603 | D:1      | 603 ||| ENCHANTING +0 shortbow.
   604 | D:1      | 604 ||| READING scroll labelled TICWAN JOORPH.
   705 | D:1      | 705 ||| DROPPING scroll of butterflies.
   706 | D:1      | 706 ||| DROPPING scroll of fear.
   744 | D:2      | Reached XP level 3. HP: 18/18 MP: 4/4
  1262 | D:2      | 1262 ||| RETREEEEATING.
  1263 | D:2      | 1263 ||| RETREEEEATING.
  1264 | D:2      | 1264 ||| RETREEEEATING.
  1270 | D:2      | Reached XP level 4. HP: 22/22 MP: 5/5
  1279 | D:2      | HP: 3/22 [orc priest/+0 hand axe (8)]
  1279 | D:2      | Slain by an orc priest

Levels and vault maps discovered:
D:1:      wander_arrival_fairy_ring, layout_loops_ring
D:2:      layout_basic

Skill      XL: |  1  2  3  4 |
---------------+-------------+-----
Dodging        | 3 4 5 |  5.1
Ranged Weapons | 5 |  5.0
Fighting       | |  1.5
Stealth        | |  1.5

Action                     |  1- 3 |  4- 6 || total
---------------------------+-------+-------++-------
   Fire: Shortbow          |    99 |    10 ||   109
    Use: Scroll            |     4 |       ||     4
 Armour: Robe              |     9 |     3 ||    12
  Dodge: Dodged            |    33 |     5 ||    38

Table legend:
 A = Non-vault XP
 B = Vault XP
 C = Vault XP percentage of total XP
 D = Non-vault monster count
 E = Vault monster count
 F = Vault count percentage of total count
                 A         B        C        D         E       F
            +---------+---------+-------+---------+---------+-------
      Total |     156 |       0 |   0.0 |      39 |       0 |   0.0
            +---------+---------+-------+---------+---------+-------
        D:1 |      38 |       0 |   0.0 |      24 |       0 |   0.0
        D:2 |     118 |       0 |   0.0 |      15 |       0 |   0.0
            +---------+---------+-------+---------+---------+-------
